 Dungeon Crawl Stone Soup version 0.20.1-1-g8b1a95d (webtiles) character file.

12014 Andry07 the Blocker (level 11, -3/65 HPs)
             Began as a Gargoyle Fighter on Oct 9, 2017.
             Was a High Priest of Okawaru.
             Engulfed by a cloud of freezing vapour (21 damage)
             ... in an ice cave.
             The game lasted 00:20:42 (8868 turns).

Andry07 the Blocker (Gargoyle Fighter)              Turns: 8868, Time: 00:20:43

Health: -3/65      AC: 23    Str: 23    XL:     11   Next: 86%
Magic:  11/11      EV: 10    Int:  9    God:    Okawaru [*****.]
Gold:   611        SH: 13    Dex: 16    Spells: 10/10 levels left

rFire    + . .     SeeInvis .   V - +7 dagger "Wiuxtugik" {pierce, Dex+7}
rCold    . . .     Gourm    .   c - +0 shield
rNeg     + + +     Faith    .   E - +4 ring mail of the Black Skies {rN+ MR+ Slay+2}
rPois    ∞         Spirit   .   o - +2 hat
rElec    +         Reflect  .   (no cloak)
rCorr    .         Harm     .   T - +0 pair of gloves
MR       +....     Clarity  +   P - +0 pair of boots (curse)
Stlth    +.........             (no amulet)
Regen    0.6/turn               I - ring of protection from fire
MPRegen  0.2/turn               y - ring of positive energy

@: no status effects
A: horns 1, clarity, frail 1, negative energy resistance 1, regeneration 1,
electricity resistance, unbreathing, petrification resistance, rot immunity, AC
+7
a: Heroism, Finesse, Renounce Religion


You were in an ice cave.
You worshipped Okawaru.
Okawaru was extremely pleased with you.
You were hungry.

You visited 2 branches of the dungeon, and saw 12 of its levels.
You also visited: Ice Cave.

You collected 611 gold pieces.

Inventory:

Hand Weapons
 a - a +0 flail
 R - a +1 scimitar of flaming
 V - the +7 dagger "Wiuxtugik" (weapon) {pierce, Dex+7}
   (You found it on level 9 of the Dungeon)

   It inflicts extra damage upon your enemies.
   It affects your dexterity (+7).
Armour
 c - a +0 shield (worn)
 o - a +2 hat (worn)
 E - the +4 ring mail of the Black Skies (worn) {rN+ MR+ Slay+2}
   (You found it on level 5 of the Dungeon)

   It affects your accuracy and damage with ranged weapons and melee attacks
   (+2).
   It protects you from negative energy.
   It affects your resistance to hostile enchantments.
 P - a cursed +0 pair of boots (worn)
 T - a +0 pair of gloves (worn)
Jewellery
 g - an uncursed ring of stealth
 y - a ring of positive energy (right hand)
 A - an uncursed ring of stealth
 I - a ring of protection from fire (left hand)
Wands
 q - a wand of disintegration (10/24)
 v - a wand of acid (9/15)
 J - a wand of lightning (1/15)
 L - a wand of clouds (6/9)
 N - a wand of clouds (3/9)
Scrolls
 b - 3 scrolls of amnesia
 e - 4 scrolls of fog
 h - 9 scrolls of teleportation
 m - 2 scrolls of identify
 n - 4 scrolls of enchant weapon
 p - a scroll of noise {unknown}
 r - 2 scrolls of recharging {unknown}
 w - 2 scrolls of magic mapping {unknown}
 x - 2 scrolls of fear {unknown}
 G - 2 scrolls of enchant armour {unknown}
 H - 2 scrolls of blinking {unknown}
 K - 4 scrolls of remove curse
 O - a scroll of random uselessness {unknown}
Potions
 d - 3 potions of might
 i - a potion of lignification {unknown}
 j - 4 potions of curing {unknown}
 k - 2 potions of ambrosia {unknown}
 l - 3 potions of flight
 t - 2 potions of heal wounds
 u - 2 potions of magic
 z - 3 potions of mutation {unknown}
 D - a potion of berserk rage {unknown}
 F - a potion of invisibility {unknown}
 U - a potion of agility {unknown}
Books
 s - a book of Maledictions

   Spells                             Type                      Level
   a - Corona                         Hexes                        1
   b - Ensorcelled Hibernation        Hexes/Ice                    2
   c - Confuse                        Hexes                        3
   d - Tukima's Dance                 Hexes                        3
   e - Dazzling Spray                 Conjuration/Hexes            3
 B - a book of Minor Magic

   Spells                             Type                      Level
   a - Magic Dart                     Conjuration                  1
   b - Blink                          Translocation                2
   c - Call Imp                       Summoning                    2
   d - Slow                           Hexes                        2
   e - Conjure Flame                  Conjuration/Fire             3
   f - Mephitic Cloud                 Conjuration/Poison/Air       3
 Q - a book of Battle

   Spells                             Type                      Level
   a - Infusion                       Charms                       1
   b - Shroud of Golubria             Charms/Translocation         2
   c - Song of Slaying                Charms                       2
   d - Spectral Weapon                Hexes/Charms                 3
   e - Regeneration                   Charms/Necromancy            3
Miscellaneous
 S - a phantom mirror
Comestibles
 f - 5 bread rations
 C - 4 meat rations


   Skills:
 * Level 10.4 Fighting
 - Level 10.1 Maces & Flails
 + Level 9.5 Armour
 - Level 11.4 Shields


You had 10 spell levels left.
You didn't know any spells.

Dungeon Overview and Level Annotations

Branches:
Dungeon (11/15)            Temple (1/1) D:7            Lair (0/6) D:8
    Orc (0/2) D:9

Altars:
Ashenzari
Cheibriados
Elyvilon
Fedhas
Gozag
Hepliaklqana
Kikubaaqudgha
Makhleb
Nemelex Xobeh
Okawaru
Qazlal
Ru
Sif Muna
Trog
Vehumet
Xom
Yredelemnul
Zin
The Shining One

Shops:
D:9 [

Annotations:
IceCv exclusion: ice statue


Innate Abilities, Weirdness & Mutations

You are resistant to torment.
Your stone body is resilient. (AC +7)
You are immune to poison.
You resist negative energy. (rN+)
You are resistant to electric shocks. (rElec)
You can survive without breathing.
You are immune to petrification.
You are immune to rotting.
You have a pair of small horns on your head.
You possess an exceptional clarity of mind.
You are frail. (-10% HP)
Your natural rate of healing is unusually fast.


Message History

The ice beast is severely wounded.
You are engulfed in freezing vapours.
* * * LOW HITPOINT WARNING * * *
The ice beast hits you but does no damage.
You are engulfed in freezing vapours.
You barely miss the ice beast. You headbutt the ice beast.
The ice beast is severely wounded.
You block the ice beast's attack.
You puncture the ice beast!
You kill the ice beast!
You start resting.
You are engulfed in freezing vapours.
* * * LOW HITPOINT WARNING * * *
You start resting.
You are engulfed in freezing vapours.
* * * LOW HITPOINT WARNING * * *
You see here 22 stones.
You start resting.
You are engulfed in freezing vapours.
You die...

#.∩.# #.÷†# #...##
##...# #...## ##..#
##†## ########
#####..####§#§§§§##
#.#.##..##.@§§#...##
##.#.##†.##§§####..#
#.#.§#§≈..##§§# #..#
##.##§#..###.§##...#
#####..####.≈.##.8Y
##..####§..####...
#...##..§### .###
#..##..§## #.
#......## .


There were no monsters in sight!

Vanquished Creatures
  Erolcha (D:11)
  Erica (D:9)
  2 two-headed ogres
  Joseph (D:7)
  A troll (D:9)
  3 polar bears (IceCv)
  Prince Ribbit (D:6)
  A hippogriff (D:7)
  20 yaks
  2 basilisks (D:8)
  2 hungry ghosts (D:11)
  Menkaure (D:6)
  A porcupine (D:8)
  3 orc warriors
  2 sky beasts
  3 ice beasts
  A black bear (D:6)
  A phantom (D:4)
  3 wolves (IceCv)
  4 ogres
  4 centaurs
  A crocodile (D:9)
  3 bullfrogs
  4 scorpions
  4 wights
  7 howler monkeys
  6 electric eels (D:11)
  6 crimson imps
  3 centaur zombies
  2 bullfrog zombies
  2 jellies
  2 hounds
  11 orc wizards
  2 orc priests (D:4)
  4 iguanas
  10 worker ants
  A hound zombie (D:6)
  7 gnolls
  12 adders
  A howler monkey skeleton (D:5)
  12 white imps (D:11)
  4 adder zombies
  An adder skeleton (D:9)
  2 worms
  A dart slug (D:1)
  2 leopard geckos
  32 orcs
  8 giant cockroaches
  15 goblins
  11 hobgoblins
  15 jackals
  3 quokkas
  2 bats
  3 frilled lizards
  A jackal skeleton (D:6)
  A jackal zombie (D:7)
  8 kobolds
  19 rats
  A fungus (D:8)
287 creatures vanquished.

Vanquished Creatures (others)
  An orc wizard (D:11)
1 creature vanquished.

Grand Total: 288 creatures vanquished

Notes
Turn   | Place    | Note
-------+----------+-------------------------------------------
     0 | D:1      | Andry07 the Gargoyle Fighter began the quest for the Orb.
     0 | D:1      | Reached XP level 1. HP: 14/14 MP: 1/1
    86 | D:1      | Reached XP level 2. HP: 9/19 MP: 2/2
   629 | D:1      | Reached XP level 3. HP: 24/24 MP: 3/3
   687 | D:2      | Found an ancient bone altar of Kikubaaqudgha.
   842 | D:2      | Found a burning altar of Makhleb.
   871 | D:2      | Reached XP level 4. HP: 27/30 MP: 4/4
  1437 | D:3      | Reached XP level 5. HP: 34/34 MP: 5/5
  1569 | D:3      | Reached skill level 5 in Fighting
  2059 | D:4      | Noticed a phantom
  2091 | D:4      | Killed a phantom
  2091 | D:4      | Reached XP level 6. HP: 25/41 MP: 6/6
  2859 | D:5      | Entered Level 5 of the Dungeon
  2867 | D:5      | Reached XP level 7. HP: 44/47 MP: 7/7
  2871 | D:5      | Reached skill level 5 in Armour
  2918 | D:5      | Found a sparkling altar of Nemelex Xobeh.
  3004 | D:5      | Got an ancient ring mail
  3015 | D:5      | Identified the +4 ring mail of the Black Skies {rN+ MR+ Slay+2} (You found it on level 5 of the Dungeon)
  3223 | D:5      | Noticed a moth of wrath
  3251 | D:5      | Found a bloodstained altar of Trog.
  3305 | D:5      | Found a shattered altar of Ashenzari.
  3491 | D:4      | Reached XP level 8. HP: 53/53 MP: 8/8
  3609 | D:6      | Reached skill level 5 in Maces & Flails
  3656 | D:6      | Found a shimmering altar of Xom.
  3657 | D:6      | Found a hazy altar of Hepliaklqana.
  3658 | D:6      | Noticed a spectral ugly thing
  3735 | D:6      | Noticed Menkaure
  3738 | D:6      | Killed Menkaure
  3893 | D:6      | Noticed Prince Ribbit
  4143 | D:6      | Found an opulent altar of Gozag.
  4677 | D:6      | Reached XP level 9. HP: 52/62 MP: 9/9
  4800 | D:6      | Reached skill level 10 in Fighting
  4948 | D:6      | Killed Prince Ribbit
  5216 | D:7      | Gained mutation: Your natural rate of healing is unusually fast. [mutagenic meat]
  5217 | D:7      | Gained mutation: You possess an exceptional clarity of mind. [mutagenic meat]
  5218 | D:7      | Gained mutation: You have a pair of small horns on your head. [mutagenic meat]
  5219 | D:7      | Gained mutation: You are frail. (-10% HP) [mutagenic meat]
  5315 | D:7      | Reached skill level 4 in Shields
  5326 | D:7      | Found a stormy altar of Qazlal.
  5402 | D:7      | Found a bloodstained altar of Trog.
  5485 | D:7      | Noticed Joseph
  5505 | D:7      | Killed Joseph
  5505 | D:7      | Reached skill level 5 in Shields
  5646 | D:7      | Found a sacrificial altar of Ru.
  5710 | D:7      | Found a staircase to the Ecumenical Temple.
  5719 | Temple   | Entered the Ecumenical Temple
  6001 | Temple   | Became a worshipper of Warmaster Okawaru
  6152 | D:8      | Found a staircase to the Lair.
  6159 | D:8      | Reached skill level 6 in Shields
  6159 | D:8      | Reached XP level 10. HP: 51/61 MP: 10/10
  6209 | D:8      | Reached * piety under Okawaru
  6209 | D:8      | Reached skill level 7 in Shields
  6442 | D:8      | Noticed a two-headed ogre
  6594 | D:9      | Reached ** piety under Okawaru
  6594 | D:9      | Reached skill level 8 in Shields
  6633 | D:9      | Noticed Erica
  6657 | D:9      | Killed Erica
  6657 | D:9      | Reached skill level 10 in Maces & Flails
  6813 | D:9      | Reached skill level 9 in Shields
  6864 | D:9      | Found a snail-covered altar of Cheibriados.
  6905 | D:9      | Got a faintly glowing dagger
  6906 | D:9      | Identified the +7 dagger "Wiuxtugik" {pierce, Dex+7} (You found it on level 9 of the Dungeon)
  7127 | D:9      | Noticed a two-headed ogre
  7142 | D:9      | Killed a two-headed ogre
  7142 | D:9      | Reached *** piety under Okawaru
  7142 | D:9      | Reached XP level 11. HP: 28/65 MP: 11/11
  7245 | D:9      | Found a staircase to the Orcish Mines.
  7254 | D:9      | Found Ivay's Armour Boutique.
  7685 | D:9      | Reached skill level 10 in Shields
  7713 | D:9      | Reached **** piety under Okawaru
  7817 | D:10     | Entered Level 10 of the Dungeon
  7860 | D:10     | You fall through a shaft!
  7860 | D:11     | Noticed a two-headed ogre
  7871 | D:11     | Killed a two-headed ogre
  7890 | D:11     | Noticed Erolcha
  7903 | D:11     | Killed Erolcha
  8340 | D:11     | Reached skill level 11 in Shields
  8446 | D:11     | Found a frozen archway.
  8464 | IceCv    | Entered an ice cave
  8580 | IceCv    | Reached ***** piety under Okawaru
  8868 | IceCv    | Engulfed by a cloud of freezing vapour

Skill      XL: |  1  2  3  4  5  6  7  8  9 10 11 |
---------------+----------------------------------+-----
Fighting       | 4 5 6 7 9 10 | 10.4
Armour         | 4 5 6 9 |  9.5
Maces & Flails | 3 4 6 8 10 | 10.1
Shields        | 6 9 11 | 11.4

Action                   |  1- 3 |  4- 6 |  7- 9 | 10-12 || total
-------------------------+-------+-------+-------+-------++-------
Melee: Flail             |   127 |   273 |   418 |   154 ||   972
       Headbutt          |       |       |    21 |   131 ||   152
       Dagger            |       |       |       |   346 ||   346
Invok: Heroism           |       |       |       |     3 ||     3
Evoke: Wand              |       |       |       |     1 ||     1
  Use: Scroll            |       |       |    10 |       ||    10
       Potion            |       |       |       |     2 ||     2
 Stab: Sleeping          |       |       |     1 |       ||     1
  Eat: Chunk             |       |     7 |    17 |     8 ||    32
       Fruit             |       |       |       |     2 ||     2
       Royal jelly       |       |       |       |     1 ||     1
Armor: Scale mail        |    94 |   163 |    22 |       ||   279
       Ring mail         |       |       |   211 |   202 ||   413
Dodge: Dodged            |    58 |    74 |   127 |   144 ||   403
Block: Shield            |    89 |   150 |   197 |   259 ||   695
